 Dungeon Crawl Stone Soup version 0.20.2-3-g29329e0561 (webtiles) character file.

256 Alfie the Skirmisher (level 6, 0/53 HPs)
             Began as a Hill Orc Fighter on Oct 14, 2022.
             Slain by a two-headed ogre
             ... wielding a +0 giant club
              (12 damage)
             ... on level 3 of the Dungeon.
             The game lasted 00:06:30 (1859 turns).

Alfie the Skirmisher (Hill Orc Fighter)             Turns: 1859, Time: 00:06:31

Health: 0/53       AC: 11    Str: 21    XL:     6   Next: 16%
Magic:  6/6        EV:  6    Int:  8    God:
Gold:   195        SH: 14    Dex: 10    Spells: 5/5 levels left

rFire    . . .     SeeInvis .   n - +0 long sword
rCold    . . .     Gourm    .   l - +0 large shield
rNeg     . . .     Faith    .   b - +0 scale mail
rPois    .         Spirit   .   e - +0 helmet
rElec    .         Reflect  .   (no cloak)
rCorr    .         Harm     .   p - +2 pair of gloves
MR       .....                  (no boots)
Stlth    ..........             (no amulet)
Regen    0.2/turn               (no ring)
MPRegen  0.1/turn               (no ring)

@: no status effects
A: no striking features
a: no special abilities


You were on level 3 of the Dungeon.
You were not hungry.

You visited 1 branch of the dungeon, and saw 3 of its levels.

You collected 195 gold pieces.

Inventory:

Hand Weapons
 n - a +0 long sword (weapon)
Armour
 b - a +0 scale mail (worn)
 e - a +0 helmet (worn)
 l - a +0 large shield (worn)
 p - a +2 pair of gloves (worn)
Scrolls
 g - a scroll of teleportation
 j - 2 scrolls of fog
 m - a scroll of fear {unknown}
 s - a scroll of identify
Potions
 c - 3 potions of heal wounds {unknown}
 i - a potion of curing
 k - a potion of brilliance {unknown}
 r - a potion of mutation {unknown}
Books
 q - a book of Maledictions

   Spells                             Type                      Level
   a - Corona                         Hexes                        1
   b - Ensorcelled Hibernation        Hexes/Ice                    2
   c - Confuse                        Hexes                        3
   d - Tukima's Dance                 Hexes                        3
   e - Dazzling Spray                 Conjuration/Hexes            3
Comestibles
 d - 2 royal jellies
 f - a bread ration
 h - 3 meat rations


   Skills:
 + Level 4.6 Fighting
   Level 2.4(2.9) Short Blades
 + Level 2.6(3.2) Long Blades
 + Level 4.1 Armour
 + Level 1.8 Dodging
 + Level 4.5 Shields


You had 5 spell levels left.
You didn't know any spells.

Dungeon Overview and Level Annotations

Branches:
Dungeon (3/15)

Altars:
Elyvilon
Xom


Message History

You throw a tomahawk. The tomahawk hits the two-headed ogre.
The two-headed ogre is lightly wounded.
Firing (i - inventory): No suitable missiles.
Press: ? - help, Shift-Dir - straight line, f/p - two-headed ogre
Aim: a two-headed ogre, wielding a giant club and a giant spiked club (lightly wounded)
Okay, then.
The two-headed ogre hits you with a giant club!
The two-headed ogre hits you with a giant spiked club!
A ball python comes into view.
The ball python hisses angrily.
You slash the two-headed ogre!
The two-headed ogre is moderately wounded.
You block the two-headed ogre's attack.
The two-headed ogre hits you with a giant spiked club!
* * * LOW HITPOINT WARNING * * *
You hit the two-headed ogre.
The two-headed ogre is heavily wounded.
You block the two-headed ogre's attack.
The two-headed ogre hits you with a giant spiked club!
You die...

#(..#........#)#.##....
#.#.....######.#.##(##.
#.##.#.........#.##.##.
#)##.#...#######.#...#.
#.#....#...............
#(##.#...##.######...##
##.#####.###.# ##.##
#.((####.###.#### #.###
#.#....@OS.(....# #....
#....#####.#.(#.# #.(##
####.# #.#..#.# #....
#.# #.#..#.# ##.#. #.#
#.#..#.# #.#. #.#
#.#..#.#####... #.#
#.............# #.#
##...#.######.. #.#
#...#.# ##.


You could see a two-headed ogre and a ball python.

Vanquished Creatures
  The ghost of Alfie the Skirmisher, an amateur HOFi (D:3)
  Crazy Yiuf (D:2)
  Terence (D:2)
  4 gnolls (D:3)
  An adder (D:3)
  An ooze (D:1)
  A worm (D:3)
  A dart slug (D:3)
  A leopard gecko (D:3)
  An orc (D:3)
  8 bats
  7 giant cockroaches
  6 goblins
  4 hobgoblins
  4 jackals (D:1)
  8 kobolds
  A quokka (D:2)
  4 frilled lizards
  7 rats
62 creatures vanquished.

Notes
Turn   | Place    | Note
-------+----------+-------------------------------------------
     0 | D:1      | Alfie the Hill Orc Fighter began the quest for the Orb.
     0 | D:1      | Reached XP level 1. HP: 19/19 MP: 1/1
   122 | D:1      | Reached XP level 2. HP: 25/27 MP: 2/2
   285 | D:1      | Reached XP level 3. HP: 32/33 MP: 3/3
   967 | D:2      | Found a runed door.
   972 | D:2      | Noticed Crazy Yiuf
   979 | D:2      | Killed Crazy Yiuf
   979 | D:2      | Reached skill level 1 in Dodging
   979 | D:2      | Reached XP level 4. HP: 28/40 MP: 4/4
  1137 | D:2      | Noticed Terence
  1140 | D:2      | Found a white marble altar of Elyvilon.
  1151 | D:2      | Killed Terence
  1329 | D:3      | Found a shimmering altar of Xom.
  1460 | D:3      | Reached XP level 5. HP: 46/47 MP: 5/5
  1524 | D:3      | Noticed Alfie's ghost (amateur HOFi)
  1550 | D:3      | Killed Alfie's ghost
  1556 | D:3      | Reached XP level 6. HP: 22/53 MP: 6/6
  1853 | D:3      | Noticed a two-headed ogre
  1859 | D:3      | Slain by a two-headed ogre

Skill      XL: |  1  2  3  4  5 |
---------------+----------------+-----
Fighting       | 4 |  4.6
Dodging        | 1 |  1.8
Shields        | 4 |  4.5
Armour         | 4 |  4.1
Long Blades    | 2 |  2.6
Short Blades   | |  2.4

Action                   |  1- 3 |  4- 6 || total
-------------------------+-------+-------++-------
Melee: Rapier            |   103 |       ||   103
       Long sword        |     7 |   138 ||   145
Throw: Tomahawk          |       |     3 ||     3
  Use: Scroll            |     4 |     2 ||     6
       Potion            |     1 |     2 ||     3
  Eat: Bread ration      |       |     1 ||     1
Armor: Scale mail        |    60 |    45 ||   105
Dodge: Dodged            |    45 |    31 ||    76
Block: Shield            |    38 |       ||    38
       Large shield      |    33 |   112 ||   145
       Rpst.: Long sword |       |    13 ||    13
